 Dungeon Crawl Stone Soup version 0.18-a0-1418-ga86aa8f (webtiles) character file.

45 Tomstefer the Conjurer (level 3, -2/19 HPs)
             Began as a Tengu Conjurer on Feb 26, 2016.
             Killed from afar by Ijyb (21 damage)
             ... with a wand of acid
             ... on level 3 of the Dungeon.
             The game lasted 00:03:20 (1773 turns).

Tomstefer the Conjurer (Tengu Conjurer)             Turns: 1773, Time: 00:03:20

Health: -2/19      AC:  2    Str:  8    XL:     3   Next: 64%
Magic:  4/7        EV: 12    Int: 16    God:
Gold:   116        SH:  0    Dex: 14    Spells: 1 memorised, 5 levels left

rFire  . . .     SeeInvis .     r - +0 whip
rCold  . . .     Gourm    .     a - +0 robe
rNeg   . . .     Faith    .     (no shield)
rPois  .         Spirit   .     (helmet restricted)
rElec  .         Dismiss  .     (no cloak)
rCorr  .         Reflect  .     (no gloves)
SustAt .         Harm     .     (boots unavailable)
MR     .....                    (no amulet)
Stlth  ++........               (no ring)
                                (no ring)

@: not resistant to hostile enchantments, unstealthy
A: beak, talons 3
a: no special abilities


You were on level 3 of the Dungeon.
You were not hungry.

You visited 1 branch of the dungeon, and saw 3 of its levels.

You collected 116 gold pieces.

Inventory:

Hand Weapons
 i - a +0 spear
 r - a +0 whip (weapon)
Armour
 a - a +0 robe (worn)
Scrolls
 m - a scroll of random uselessness {unknown}
 p - a scroll of blinking {unknown}
 q - a scroll of recharging {unknown}
Potions
 d - a potion of cancellation {unknown}
 e - 2 potions of curing {unknown}
 k - a potion of lignification {unknown}
 o - a potion of degeneration {unknown}
 s - a potion of cure mutation {unknown}
Books
 b - a book of Conjurations

   Spells                             Type                      Level
   a - Magic Dart                     Conjuration                  1
   b - Searing Ray                    Conjuration                  2
   c - Dazzling Spray                 Conjuration/Hexes            3
   d - Fulminant Prism                Conjuration/Hexes            4
   e - Iskenderun's Mystic Blast      Conjuration                  4
   f - Iskenderun's Battlesphere      Conjuration/Charms           5
Comestibles
 c - 2 bread rations
 f - a chunk of flesh
 g - a royal jelly
 n - 2 beef jerkies


   Skills:
 - Level 2.1 Dodging
 - Level 2.0 Stealth
 - Level 2.0 Spellcasting
 + Level 6.9 Conjurations


You had 5 spell levels left.
You knew the following spells:

 Your Spells              Type           Power        Failure   Level  Hunger
a - Magic Dart            Conj           ###.         1%          1    #......


Dungeon Overview and Level Annotations

Branches:
Dungeon (3/15)

Altars:

Annotations:
D:3 Ijyb


Innate Abilities, Weirdness & Mutations

You have a beak for a mouth.
You have claws for feet.


Message History

The magic dart hits Ijyb.
Ijyb is lightly wounded.
Ijyb shouts!
Casting: Magic Dart
Confirm with . or Enter, or press ? or * to list all spells.
Aiming: Magic Dart
Press: ? - help, Shift-Dir - straight line, f/p - Ijyb
Aim: Ijyb, wielding a dagger and wearing a leather armour (lightly wounded)
The magic dart hits Ijyb.
Ijyb is moderately wounded.
Casting: Magic Dart
Confirm with . or Enter, or press ? or * to list all spells.
Aiming: Magic Dart
Press: ? - help, Shift-Dir - straight line, f/p - Ijyb
Aim: Ijyb, wielding a dagger and wearing a leather armour (moderately wounded)
The magic dart hits Ijyb.
Ijyb is moderately wounded.
Ijyb zaps a wand.
The bolt of acid hits you!
Ouch! That really hurt!
You die...

##### . ...#
....###.#####
..g....@...<#
......#.###.#
....# #.# #.#
... ..# #.# .
.... ..#
##### ###


You could see Ijyb.

Vanquished Creatures
  3 dart slugs (D:1)
  A giant gecko (D:2)
  A giant cockroach (D:1)
  4 goblins
  5 hobgoblins
  7 jackals (D:1)
  A ball python (D:1)
  4 bats
  2 giant newts
  A kobold (D:1)
  6 rats
35 creatures vanquished.

Notes
Turn   | Place    | Note
--------------------------------------------------------------
     0 | D:1      | Tomstefer the Tengu Conjurer began the quest for the Orb.
     0 | D:1      | Reached XP level 1. HP: 10/10 MP: 4/4
   313 | D:1      | Reached XP level 2. HP: 15/15 MP: 4/6
   421 | D:1      | Reached skill level 6 in Conjurations
   824 | D:1      | Reached XP level 3. HP: 12/19 MP: 2/7
  1770 | D:3      | Noticed Ijyb
  1773 | D:3      | Killed from afar by Ijyb

Vault maps used:
D:1:      minmay_arrival_widening_spiral_wide, minmay_stone_trees_large,
          hangedman_decor_clover_reticule
D:2:      first_bread
D:3:      uniq_jessica, uniq_iyjb, uniq_sigmund

Skill      XL: |  1  2 |
---------------+-------+-----
Conjurations   | 6 |  6.9
Dodging        | |  2.1
Stealth        | |  2.0
Spellcasting   | |  2.0

Action                   || total
-------------------------++-------
Melee: Spear             ||    10
 Cast: Magic Dart        ||    66
  Use: Scroll            ||     3
  Eat: Chunk             ||     4
